 Dungeon Crawl Stone Soup version 0.27.0-1-g7a089689b8 (webtiles) character file.

Game seed: 16515566362008187552

64 dolemite99 the Cutter (level 3, 0/27 HPs)
             Began as a Demonspawn Gladiator on Aug 2, 2021.
             Slain by a gnoll (8 damage)
             ... on level 3 of the Dungeon.
             The game lasted 00:01:34 (1608 turns).

dolemite99 the Cutter (Demonspawn Gladiator)        Turns: 1608, Time: 00:01:35

Health: 0/27       AC:  6    Str: 15    XL:     3   Next: 91%
Magic:  3/3        EV: 13    Int:  9    God:
Gold:   73         SH:  0    Dex: 14    Spells: 2/2 levels left

rFire    . . .     SeeInvis .   b - +1 dagger (elec)
rCold    . . .     Faith    .   (no shield)
rNeg     . . .     Spirit   .   j - +0 ring mail
rPois    .         Reflect  .   c - +0 helmet
rElec    .         Harm     .   (no cloak)
rCorr    .         Rampage  .   (no gloves)
Will     .....                  (no boots)
Stlth    +.........             (no amulet)
HPRegen  0.09/turn              (no ring)
MPRegen  0.08/turn              (no ring)

@: no status effects
A: claws 1, repulsion field 1
a: no special abilities


You were on level 3 of the Dungeon.
You visited 1 branch of the dungeon, and saw 3 of its levels.

You collected 73 gold pieces.

Inventory:

Hand Weapons
 a - a +0 trident
 b - a +1 dagger of electrocution (weapon)
 g - a +0 hunting sling
Missiles
 d - 3 throwing nets (quivered)
 e - 118 stones
 i - 2 boomerangs
 m - 20 arrows
 p - 13 poisoned darts
Armour
 c - a +0 helmet (worn)
 f - a +0 leather armour
 j - a +0 ring mail (worn)
Scrolls
 h - a scroll of enchant armour {unknown}
 k - a scroll of magic mapping {unknown}
 o - a scroll of identify {unknown}
Potions
 l - a potion of attraction {unknown}
 n - 2 potions of haste {unknown}


   Skills:
 - Level 2.0 Fighting
 + Level 3.1 Short Blades
 - Level 2.9 Polearms
 - Level 1.7 Throwing
 - Level 2.6 Dodging


You had 2 spell levels left.
You didn't know any spells.
Your spell library contained the following spells:

 Spells                   Type           Power      Damage    Failure   Level
 Ignite Poison            Fire/Tmut/Pois 0%         N/A       94%         3
 Mephitic Cloud           Conj/Pois/Air  0%         N/A       94%         3
 Bolt of Magma            Conj/Fire/Erth 0%         4d4       100%        5


Dungeon Overview and Level Annotations

Branches:
Dungeon (3/15)

Altars:


Innate Abilities, Weirdness & Mutations

You have sharp fingernails.
You are surrounded by a mild repulsion field. (EV +2)


Message History

Lightning courses through the hobgoblin!
You kill the hobgoblin!
No target in view!
No target in view!
Found a stone staircase leading down.
You see here a hobgoblin corpse.
You start resting.
A dart slug comes into view.
A dart slug is nearby!
There is a stone staircase leading up here.
You can't go down here!
The dart slug launches a dart at you.
The slug dart hits you but does no damage.
You climb upwards.
There is a stone staircase leading down here.
The gnoll misses you.
You climb downwards.
There is a stone staircase leading up here.
You barely miss the gnoll. The gnoll closely misses you.
You hit the gnoll.
The gnoll is moderately wounded.
The dart slug launches a dart at you. The slug dart hits you.
The gnoll hits you with a +0 flail!
You hit the gnoll but do no damage.
The gnoll is moderately wounded.
You barely miss the gnoll.
The gnoll is moderately wounded.
The gnoll barely misses you.
You barely miss the gnoll.
The gnoll is moderately wounded.
The gnoll hits you with a +0 flail!
* * * LOW HITPOINT WARNING * * *
You closely miss the gnoll.
The gnoll is moderately wounded.
The gnoll closely misses you.
You barely miss the gnoll.
The gnoll is moderately wounded.
The gnoll barely misses you. The gnoll hits you with a +0 flail!
You die...

................
...............#.
................
....)..........
#............#
#..........##
#..>.†...#
#.†w<@...#
#...†g...#
#............
#........####
#........#
..........#
...#.#######
...... .>.##.


You could see a gnoll and a dart slug.

Vanquished Creatures
  A gnoll (D:1)
  An adder (D:2)
  4 worms (D:2)
  2 dart slugs (D:1)
  2 ball pythons (D:1)
  2 bats
  4 endoplasms
  2 giant cockroaches
  A goblin (D:2)
  2 hobgoblins
  A quokka (D:2)
  3 frilled lizards (D:1)
  3 kobolds
  3 rats (D:2)
31 creatures vanquished.

Notes
Turn   | Place    | Note
-------+----------+-------------------------------------------
     0 | D:1      | dolemite99 the Demonspawn Gladiator began the quest for the
                  | Orb.
     0 | D:1      | Reached XP level 1. HP: 16/16 MP: 1/1
    76 | D:1      | Reached skill level 1 in Short Blades
    76 | D:1      | Gained mutation: You are surrounded by a mild repulsion
                  | field. (EV +2) [demonic ancestry]
    76 | D:1      | Reached XP level 2. HP: 22/22 MP: 2/2
   560 | D:1      | Reached skill level 2 in Short Blades
   843 | D:2      | Gained mutation: You have sharp fingernails. [demonic
                  | ancestry]
   843 | D:2      | Reached XP level 3. HP: 21/27 MP: 3/3
  1307 | D:2      | Reached skill level 3 in Short Blades
  1608 | D:3      | Slain by a gnoll

Illustrated notes

Levels and vault maps discovered:
D:1:      psy_arrival_terrarium, layout_basic, minmay_cut_off
D:2:      layout_loops_ring
D:3:      layout_rooms, nzn_wu_jian_contemplation, serial_shops, shop,
          kennysheep_nub

Skill      XL: |  1  2  3 |
---------------+----------+-----
Short Blades   | 1 2 3 |  3.1
Fighting       | |  2.0
Polearms       | |  2.9
Throwing       | |  1.7
Dodging        | |  2.6

Action                   || total
-------------------------++-------
Melee: Trident           ||     3
       Dagger            ||    91
Armor: Leather armour    ||     3
       Ring mail         ||    16
Dodge: Dodged            ||    56
